 Dungeon Crawl Stone Soup version 0.29.0-13-gc9e81de378 (webtiles) character file.

Game seed: 14438514690538017099

92 Ge0ff the Conjurer (level 4, -4/30 HPs)
             Began as a Formicid Conjurer on Sept 8, 2022.
             Slain by Crazy Yiuf
             ... wielding a +3 quarterstaff of chaos
              (6 damage)
             ... on level 2 of the Dungeon.
             The game lasted 00:03:16 (1961 turns).

Ge0ff the Conjurer (Formicid Conjurer)              Turns: 1961, Time: 00:03:17

Health: -4/30      AC:  2    Str: 12    XL:     4   Next: 90%
Magic:  4/8        EV: 12    Int: 19    God:
Gold:   81         SH:  0    Dex: 12    Spells: 6/9 levels left

rFire   . . .      SeeInvis +   a - +2 dagger (drain)
rCold   . . .      Faith    .   (no shield)
rNeg    . . .      Spirit   .   O - +0 robe
rPois   .          Reflect  .   (helmet unavailable)
rElec   .          Harm     .   (no cloak)
rCorr   .          Rampage  .   (no gloves)
Will    .....                   (no boots)
Stlth   ++........              (no amulet)
HPRegen 0.10/turn               W - ring of flight
MPRegen 0.11/turn               (no ring)

@: lethally poisoned (-4 -> -19), flying
A: permanent stasis, dig shafts and tunnels, antennae 3, four strong arms
a: Dig, Shaft Self


You were on level 2 of the Dungeon.
You visited 1 branch of the dungeon, and saw 2 of its levels.

You collected 150 gold pieces.
You spent 69 gold pieces at shops.

Inventory:

Hand Weapons
 a - a +2 dagger of draining (weapon)
Missiles
 v - 5 curare-tipped darts {=F}
 N - 23 stones
Armour
 M - a +0 cloak
 O - a +0 robe (worn)
Jewellery
 W - a ring of flight (left hand)
Scrolls
 P - 2 scrolls of identify {unknown}
 Q - 2 scrolls of poison {unknown}
 R - a scroll of noise {unknown}
Potions
 K - 2 potions of magic {!q}
 L - a potion of brilliance {unknown}
 S - 2 potions of haste {unknown}
 T - a potion of resistance {unknown}
 U - 2 potions of curing {unknown}
 V - a potion of mutation {unknown}


   Skills:
 - Level 1.7 Dodging
 - Level 2.4 Stealth
 - Level 3.0 Spellcasting
 * Level 5.0 Conjurations


You had 6 spell levels left.
You knew the following spells:

 Your Spells              Type           Power      Damage    Failure   Level
j - Searing Ray           Conj           44%        2d6       3%          2
k - Magic Dart            Conj           88%        1d7       1%          1

Your spell library contained the following spells:

 Spells                   Type           Power      Damage    Failure   Level
 Beastly Appendage        Tmut           4%         N/A       16%         1
 Dazzling Flash           Conj/Hex       24%        N/A       16%         3
 Wereblood                Tmut           2%         N/A       22%         2
 Spider Form              Tmut/Pois      2%         N/A       41%         3
 Fulminant Prism          Conj/Hex       6%         3d7       47%         4
 Iskenderun's Mystic Bla  Conj/Tloc      12%        2d5       47%         4


Dungeon Overview and Level Annotations

Branches:
Dungeon (2/15) Zot: 10023

Altars:

Shops:
D:2 *[

Annotations:
D:2 Crazy Yiuf


Innate Abilities, Weirdness & Mutations

You cannot be hasted, slowed, berserked, paralysed or teleported.
You can dig through walls and to a lower floor.
You have a pair of large antennae on your head. (SInv)
Your four strong arms can wield two-handed weapons with a shield.


Message History

The jackal bites you but does no damage.
Casting: Magic Dart (safe; 1% risk of failure)
Confirm with . or Enter, or press ? or * to list all spells.
Aiming: Searing Ray (safe; 3% risk of failure)
Press: ? - help, Shift-Dir - straight line, f - jackal
Aim: a jackal (severely wounded, 72% to hit)
The searing ray hits the jackal but does no damage.
The jackal is severely wounded.
The searing ray hits the jackal.
You kill the jackal! (Press . to maintain the ray.)
The jackal bites you but does no damage.
The jackal closely misses you.
The searing ray hits the jackal!
You kill the jackal!
There is a large open door here.
Things that are here:
a jackal corpse; a jackal corpse You see here a jackal corpse.
N - 23 stones (gained 3)
You reach down and open the door.
There is an open door here.
You reach down and open the door.
There is an open door here.
You reach down and open the door.
There is an open door here.
Found a runed translucent door.
Crazy Yiuf shouts!
You sense a monster nearby.
You reach down and open the door.
Casting: Searing Ray (safe; 3% risk of failure)
Confirm with . or Enter, or press ? or * to list all spells.
Aiming: Searing Ray (safe; 3% risk of failure)
Press: ? - help, Shift-Dir - straight line, f - Crazy Yiuf
Aim: Crazy Yiuf, wielding a +3 quarterstaff of chaos and wearing a +0 cloak (81% to hit)
The searing ray hits Crazy Yiuf!
Crazy Yiuf is heavily wounded. (Press . to maintain the ray.) Crazy Yiuf barely misses you.
The searing ray hits Crazy Yiuf.
Crazy Yiuf is heavily wounded.
Crazy Yiuf hits you with a +3 quarterstaff of chaos!
You are lethally poisoned!
The searing ray hits Crazy Yiuf.
Crazy Yiuf is severely wounded.
You feel very sick.
Crazy Yiuf hits you with a +3 quarterstaff of chaos!
* * * LOW HITPOINT WARNING * * *
Crazy Yiuf freezes you.
You die...

#......#....'..............)..†..
#......#>..##############.##...##
#......#...# #...........
#.###'##...# ##### #.#...#...##
#.# #.##...# #)..# #.#...#...##
#.###.##...# #...# #.....#.....
#.#<..##.#.# ... #....##.....
#....###...# #g# #........##.
...........# ♣@♣♣ #...########
##....#.#### ♣♣.♣ #...........
#....#.#.## ♣.♣♣ #..#########
#....#....# ♣♣.♣ ##.# #.........#
♣♣.♣♣ #..######### ##....###.##
♣♣PP.♣ #.#......... #<..#.###.##
♣P...♣ #.#......... #####......#
#....# #.'......... #########
##..## ###.....)...


You could see Crazy Yiuf.

Vanquished Creatures
  Jessica (D:2)
  2 adders (D:2)
  5 bats
  4 endoplasms
  2 giant cockroaches
  A goblin (D:2)
  A hobgoblin (D:1)
  10 jackals (D:2)
  5 kobolds
  A quokka (D:2)
  5 ball pythons
  3 frilled lizards
  4 rats
44 creatures vanquished.

Vanquished Creatures (others)
  A fungus (D:2)
1 creature vanquished.

Grand Total: 45 creatures vanquished

Notes
Turn   | Place    | Note
-------+----------+-------------------------------------------
     0 | D:1      | Ge0ff the Formicid Conjurer began the quest for the Orb.
     0 | D:1      | Reached XP level 1. HP: 13/13 MP: 3/3
   423 | D:1      | Reached XP level 2. HP: 17/19 MP: 0/5
   426 | D:1      | Learned a level 2 spell: Searing Ray
   559 | D:1      | Reached skill level 4 in Conjurations
   685 | D:1      | Found a faded altar of an unknown god.
  1074 | D:2      | Reached XP level 3. HP: 24/24 MP: 4/6
  1245 | D:2      | Noticed Jessica
  1297 | D:2      | Killed Jessica
  1298 | D:2      | Reached XP level 4. HP: 20/30 MP: 3/8
  1418 | D:2      | Found Nupas's Assorted Antiques.
  1478 | D:2      | Bought a silvery potion for 22 gold pieces
  1478 | D:2      | Bought a bubbling white potion for 22 gold pieces
  1478 | D:2      | Bought a scroll labelled IDGHUI LENI for 25 gold pieces
  1650 | D:2      | Found Zonycyzu's Armour Shoppe.
  1826 | D:2      | Reached skill level 5 in Conjurations
  1952 | D:2      | Found a runed translucent door.
  1953 | D:2      | Noticed Crazy Yiuf
  1961 | D:2      | Slain by Crazy Yiuf

Illustrated notes

Levels and vault maps discovered:
D:1:      ncdulo_wetmaze, layout_basic, hellmonk_ecumenical_altar_heavens_door
D:2:      layout_basic, serial_shops, shop, nicolae_diamond_shop,
          minmay_indecisive_spiral, uniq_jessica, uniq_crazy_yiuf_cottage

Skill      XL: |  1  2  3  4 |
---------------+-------------+-----
Conjurations   | 4 5 |  5.0
Spellcasting   | 3 |  3.0
Dodging        | |  1.7
Stealth        | |  2.4

Action                   |  1- 3 |  4- 6 || total
-------------------------+-------+-------++-------
Melee: Unarmed           |     9 |       ||     9
       Dagger            |     2 |    18 ||    20
 Cast: Magic Dart        |    46 |    13 ||    59
       Searing Ray       |     2 |     3 ||     5
 Stab: Sleeping          |       |     1 ||     1
Armor: Robe              |     4 |     6 ||    10
Dodge: Dodged            |    11 |    12 ||    23
